 Seeded DCSS version 0.30.1-4-g462c640d31 (webtiles) character file.

Game seed: 6351066067085065685 (custom seed)

70 Esekla the Magician (level 4, 0/23 (24) HPs)
             Began as a Deep Elf Wanderer on Sept 17, 2023.
             Was a Follower of Vehumet.
             Slain by a hound (4 damage)
             ... on level 3 of the Dungeon.
             The game lasted 00:14:10 (2308 turns).

Esekla the Magician (Deep Elf Wanderer)             Turns: 2308, Time: 00:14:11

HP:   0/23 (24)     AC:  4    Str: 11    XL:     4   Next: 4%
MP:   8/14          EV: 11    Int: 20    God:    Vehumet [*.....]
Gold: 195           SH:  3    Dex: 11    Spells: 5/15 levels left

rFire   . . .        a - +1 short sword (freeze)
rCold   . . .        d - +0 buckler
rNeg    . . .        c - +0 robe
rPois   .            k - +0 helmet
rElec   .            (no cloak)
rCorr   .            j - +0 pair of gloves
SInv    .            (no boots)
Will    .....        (no amulet)
Stlth   ++           (no ring)
HPRegen 0.23/turn    (no ring)
MPRegen 0.14/turn

%: no passive effects
@: very slightly contaminated, lightly drained
A: no striking features
a: Renounce Religion


You were on level 3 of the Dungeon.
You worshipped Vehumet.
Vehumet was aware of your devotion.
You visited 1 branch of the dungeon, and saw 4 of its levels.

You collected 195 gold pieces.

Inventory:

Hand Weapons
 a - a +1 short sword of freezing (weapon)
 s - the +5 rapier of the Hero {heavy, rN+ Dex+3}
   (You found it on level 3 of the Dungeon)

   Dex:       It affects your dexterity (+3).
   rN:        It protects you from negative energy.
Armour
 c - a +0 robe (worn)
 d - a +0 buckler (worn)
 j - a +0 pair of gloves (worn)
 k - a +0 helmet (worn)
Wands
 p - a wand of roots (9)
Scrolls
 g - 3 scrolls of identify {unknown}
 m - 2 scrolls of enchant weapon {unknown}
 n - a scroll of amnesia {unknown}
 o - a scroll of enchant armour {unknown}
 q - a scroll of immolation {unknown}
 r - a scroll of blinking {unknown}
 u - a scroll of fog {unknown}
Potions
 b - a potion of lignification
 e - a potion of ambrosia {unknown}
 f - 2 potions of attraction {unknown}
 h - a potion of heal wounds {unknown}
 i - 2 potions of curing {unknown}
 l - a potion of mutation {unknown}
 t - 2 potions of brilliance {unknown}
 v - a potion of haste {unknown}


   Skills:
 + Level 0.6 Short Blades
 * Level 1.3 Dodging
 + Level 1.6 Stealth
 + Level 1.5 Shields
 * Level 6.0 Spellcasting
 + Level 0.3 Conjurations
 * Level 0.3 Necromancy
 + Level 2.4 Translocations
 + Level 1.0 Invocations


You had 5 spell levels left.
You knew the following spells:

 Your Spells              Type           Power      Damage    Failure   Level
a - Magic Dart            Conj           28%        1d4       14%         1
b - Blink                 Tloc           30%        N/A       9%          2
d - Vampiric Draining     Necr           7%         2d6       36%         3
p - Apportation           Tloc           30%        N/A       5%          1
t - Teleport Other        Tloc           15%        N/A       17%         3

Your spell library contained the following spells:

 Spells                   Type           Power      Damage    Failure   Level
 Foxfire                  Conj/Fire      24%        2x1d5     14%         1
 Lesser Beckoning         Tloc           30%        N/A       9%          2
 Gell's Gravitas          Tloc           15%        N/A       17%         3
 Ignite Poison            Fire/Tmut/Pois 6%         N/A       41%         3


Dungeon Overview and Level Annotations

Branches:
Dungeon (4/15)
 Temple: D:4-7

Altars:
Okawaru
Qazlal
Vehumet
Zin

Shops:
D:2 =   D:4 (


Message History

Aim: an adder (almost dead, slow, 100% to hit)
The magic dart hits the adder.
You kill the adder!
Vehumet accepts your kill.
Your Spellcasting skill increases to level 6!
You have reached level 4!
You feel clever.
You barely miss the hound.
The hound bites you but does no damage. x2
You miss the hound. The hound closely misses you.
You miss the hound. The hound closely misses you. The hound bites you.
You closely miss the hound. You block the hound's attack.
Your magical contamination has completely faded away.
You hit the hound. You freeze the hound.
The hound is lightly wounded.
The hound misses you. The hound bites you.
You closely miss the hound.
The hound is lightly wounded.
The hound closely misses you.
You barely miss the hound.
The hound is lightly wounded.
The hound closely misses you. The hound bites you but does no damage.
You closely miss the hound.
The hound is lightly wounded.
The hound barely misses you.
You barely miss the hound.
The hound is lightly wounded.
The hound bites you. x2
Casting: Magic Dart (safe; 14% risk of failure)
Confirm with . or Enter, or press ? or * to list all spells.
The spell is extremely dangerous to miscast (36% risk of failure)!
Continue anyway?
Aiming: Vampiric Draining (extremely dangerous; 36% risk of failure)
Press: ? - help, Shift-Dir - straight line, f - hound
Aim: a hound (lightly wounded)
You miscast Vampiric Draining.
You are very lightly contaminated with residual magic.
The world around you seems to dim momentarily!
You feel drained.
* * * LOW HITPOINT WARNING * * *
The hound bites you.
You die...

##.......### #..........#
#######....# #....# #....#
#....# # #....# ...
##############....###.....
#<..........@h..........._
##############.####.##....
#.# .# . #.# .. #.# ##.
#.# #. #.# .. #.# #. #.#


You could see a hound.

Vanquished Creatures
  2 adders
  2 dart slugs
  3 orcs (D:3)
  6 ball pythons
  4 bats
  4 endoplasms
  8 goblins
  3 hobgoblins
  A quokka (D:1)
  4 frilled lizards
  5 kobolds
  A rat (D:2)
43 creatures vanquished.

Notes
Turn   | Place    | Note
-------+----------+-------------------------------------------
     0 | D:1      | Esekla the Deep Elf Wanderer began the quest for the Orb.
     0 | D:1      | Esekla set off with the following items: a +0 club, a
                  | potion of lignification, a +0 robe, a +0 buckler; and the
                  | following spells available to memorise: Apportation, Blink,
                  | Lesser Beckoning, Magic Dart, Ignite Poison, Vampiric
                  | Draining.
     0 | D:1      | Reached XP level 1. HP: 10/10 MP: 7/7
     2 | D:1      | Learned a level 1 spell: Magic Dart
     4 | D:1      | Learned a level 1 spell: Apportation
   424 | D:4      | Found a radiant altar of Vehumet.
   428 | D:4      | Became a worshipper of Vehumet
   444 | D:4      | Found an iron altar of Okawaru.
   452 | D:4      | Found a glowing silver altar of Zin.
   554 | D:4      | Found Ponaysk's Antique Weapon Boutique.
   740 | D:3      | Reached skill level 1 in Dodging
   740 | D:3      | Reached XP level 2. HP: 15/15 MP: 1/9
   743 | D:3      | Learned a level 2 spell: Blink
   845 | D:3      | Reached skill level 5 in Spellcasting
  1101 | D:2      | Found Renulab's Jewellery Shop.
  1263 | D:3      | Reached XP level 3. HP: 19/19 MP: 10/12
  1267 | D:3      | Learned a level 3 spell: Vampiric Draining
  1321 | D:3      | Identified the +5 rapier of the Hero {heavy, rN+ Dex+3}
  1615 | D:1      | Reached * piety under Vehumet
  1615 | D:1      | Offered knowledge of Foxfire by Vehumet.
  2169 | D:3      | Learned a level 3 spell: Teleport Other
  2288 | D:3      | Found a stormy altar of Qazlal.
  2299 | D:3      | Reached skill level 6 in Spellcasting
  2299 | D:3      | Reached XP level 4. HP: 22/24 MP: 10/14
  2308 | D:3      | Slain by a hound

Illustrated notes

Levels and vault maps discovered:
D:1:      sevenhm_arrival_forest_fort_small_3, layout_rooms,
          chequers_serial_rivers_room_b, minmay_misc_feat_five
D:2:      layout_loops_ring, dreamdust_ecumenical_altar_angels_and_demons,
          serial_shops, shop
D:3:      layout_basic, grunt_temple_overflow_open, minmay_misc_feat_iff
D:4:      layout_basic, nicolae_overflow_quartered_altars, serial_shops,
          nicolae_diamond_shop

Skill      XL: |  1  2  3 |
---------------+----------+-----
Dodging        | 1 |  1.3
Spellcasting   | 5 6 |  6.0
Short Blades   | |  0.6
Stealth        | |  1.6
Shields        | |  1.5
Conjurations   | |  0.3
Necromancy     | |  0.3
Translocations | |  2.4
Invocations    | |  1.0

Action                     |  1- 3 |  4- 6 || total
---------------------------+-------+-------++-------
  Melee: Short sword       |    53 |     9 ||    62
   Cast: Magic Dart        |    62 |       ||    62
         Apportation       |    36 |       ||    36
         Vampiric Draining |     1 |       ||     1
    Use: Scroll            |     1 |       ||     1
   Stab: Distracted        |     1 |       ||     1
         Sleeping          |     2 |       ||     2
 Armour: Robe              |    35 |     3 ||    38
  Dodge: Dodged            |    61 |     6 ||    67
  Block: Buckler           |    14 |     1 ||    15
